 Dungeon Sprint DCSS version 0.28.0-45-g0d030f2227 (webtiles) character file.

Game seed: 7754147785475600485

975 Baz the Unseen (level 7, -8/38 HPs)
             Began as a Spriggan Enchanter on Apr 5, 2022.
             Was an Initiate of Ru.
             Mangled by a deep troll (17 damage)
             ... in the Dungeon (Sprint I: "Red Sonja").
             The game lasted 00:02:21 (472 turns).

Baz the Unseen (Spriggan Enchanter)                  Turns: 472, Time: 00:02:22

Health: -8/38      AC:  2    Str:  4    XL:     7   Next: 95%
Magic:  9/12       EV: 17    Int: 18    God:    Ru [......]
Gold:   594        SH:  0    Dex: 16    Spells: 3/11 levels left

rFire   . . .      SeeInvis +   j - +5 dagger (venom)
rCold   . . .      Faith    .   (no shield)
rNeg    . . .      Spirit   .   b - +0 robe
rPois   .          Reflect  .   (helmet restricted)
rElec   .          Harm     .   (no cloak)
rCorr   .          Rampage  .   (gloves unavailable)
Will    +....      NoTele   +   (boots unavailable)
Stlth   +++++++...              (no amulet)
HPRegen 0.12/turn               (no ring)
MPRegen 0.13/turn               (no ring)

@: confusing by touch, very quick
A: very small, no large weapons, unfitting armour, see invisible, speed 3
a: Renounce Religion


You were in the Dungeon.
You worshipped Ru.
Ru was noncommittal.
You visited 1 branch You collected 594 gold pieces.

Inventory:

Hand Weapons
 a - a +1 dagger
 j - a +5 dagger of venom (weapon)
 m - a +2 dagger of distortion
Armour
 b - a +0 robe (worn)
Wands
 h - a wand of charming (8)
Scrolls
 i - a scroll of blinking
 l - a scroll of fog {unknown}
 n - a scroll of immolation {unknown}
Potions
 c - a potion of invisibility
 d - 3 potions of curing
 e - a potion of heal wounds
 f - a potion of haste
 g - 3 potions of magic
 k - a potion of mutation {unknown}


   Skills:
 + Level 4.4 Fighting
 + Level 6.0 Short Blades
 - Level 2.6 Dodging
 * Level 19.3 Stealth
 - Level 2.6 Spellcasting
 + Level 11.4 Hexes


You had 3 spell levels left.
You knew the following spells:

 Your Spells              Type           Power      Damage    Failure   Level
a - Ensorcelled Hibernat  Hex/Ice        44%        N/A       2%          2
b - Confusing Touch       Hex            43%        N/A       1%          3
c - Dazzling Flash        Conj/Hex       44%        N/A       4%          3

Your spell library contained the following spells:

 Spells                   Type           Power      Damage    Failure   Level
 Tukima's Dance           Hex            43%        N/A       1%          3


Dungeon Overview and Level Annotations

Branches:
Dungeon (1/1)

Altars:
Cheibriados
Dithmenos
Elyvilon
Fedhas
Gozag
Hepliaklqana
Kikubaaqudgha
Nemelex Xobeh
Okawaru
Qazlal
Ru
Sif Muna
Trog
Uskayaw
Vehumet
Wu Jian
Yredelemnul
Zin
The Shining One

Shops:
D *[


Innate Abilities, Weirdness & Mutations

You are very small and have problems with some larger weapons.
You are too small for most types of armour.
You have supernaturally acute eyesight. (SInv)
You cover ground extremely quickly. (Speed+++)


Message History

d - 2 potions of curing (gained 1)
There is an open door here.
You now have 432 gold pieces (gained 27).
You now have 459 gold pieces (gained 27).
You feel less confused.
You now have 486 gold pieces (gained 27).
You now have 513 gold pieces (gained 27).
d - 3 potions of curing (gained 1)
You now have 540 gold pieces (gained 27).
You now have 567 gold pieces (gained 27).
You now have 594 gold pieces (gained 27).
You see here 11 stones.
n - a scroll labelled MAINIARU JUTHRU You start resting.
HP restored.
There is an open door here.
Things that are here:
5 curare-tipped darts; the kobold corpse of Sonja You open the door.
A deep troll comes into view.
Found 108 gold pieces.
The deep troll shouts!
There is an open door here.
Casting: Ensorcelled Hibernation (safe; 2% risk of failure)
Confirm with . or Enter, or press ? or * to list all spells.
Your hands begin to glow red.
Casting: Confusing Touch (safe; 1% risk of failure)
Confirm with . or Enter, or press ? or * to list all spells.
You don't know that spell.
You barely miss the deep troll. The deep troll closely misses you.
The deep troll claws you. The deep troll barely misses you.
Unknown command.
You barely miss the deep troll.
Unknown command.
You hit the deep troll but do no damage.
The deep troll bites you!!
Ouch! That really hurt!
* * * LOW HITPOINT WARNING * * *
The deep troll barely misses you. The deep troll claws you!
You die...

#..#####'#####'#
#..####..#...#[#
#..#__####..##.#
#..#_____##'#_.+
#⌠⌠#_.∩...'..._#
####_..__##_.#'#
#_____###'#.#
############.####+###
#∩........'...@T$.$$+
###++++####.(.#######
###.### #.#'#.#
#.....# #.(.(.#
#######


You could see a deep troll.

Vanquished Creatures
  Sonja (D)
  Sigmund (D)
  A yak (D)
  An ogre (D)
  A jelly (D)
  Ijyb (D)
  A ballistomycete spore (D)
7 creatures vanquished.

Vanquished Creatures (others)
  A ballistomycete spore (D)
1 creature vanquished.

Grand Total: 8 creatures vanquished

Notes
Turn   | Place    | Note
-------+----------+-------------------------------------------
     0 | D        | Baz the Spriggan Enchanter began the quest for the Orb.
     0 | D        | Reached XP level 1. HP: 9/9 MP: 5/5
     1 | D        | Noticed Ijyb
     8 | D        | Killed Ijyb
     9 | D        | Reached skill level 8 in Stealth
     9 | D        | Reached skill level 5 in Hexes
     9 | D        | Reached XP level 2. HP: 13/13 MP: 6/6
    55 | D        | Learned a level 2 spell: Ensorcelled Hibernation
    55 | D        | Noticed an ogre
    58 | D        | Killed an ogre
    59 | D        | Reached skill level 12 in Stealth
    59 | D        | Reached XP level 3. HP: 16/16 MP: 8/8
    59 | D        | Reached XP level 4. HP: 21/21 MP: 9/9
    68 | D        | Noticed Sigmund
    73 | D        | Killed Sigmund
    74 | D        | Reached skill level 15 in Stealth
    74 | D        | Reached XP level 5. HP: 24/24 MP: 7/10
   202 | D        | Learned a level 3 spell: Confusing Touch
   206 | D        | Learned a level 3 spell: Dazzling Flash
   218 | D        | Found an ornate altar of the Wu Jian Council.
   218 | D        | Found a shimmering blue altar of Sif Muna.
   220 | D        | Found a radiant altar of Vehumet.
   225 | D        | Reached skill level 16 in Stealth
   225 | D        | Reached XP level 6. HP: 29/29 MP: 11/11
   233 | D        | Found Bunwapp's Armour Emporium.
   233 | D        | Found an ancient bone altar of Kikubaaqudgha.
   233 | D        | Found a hazy altar of Hepliaklqana.
   233 | D        | Found a stormy altar of Qazlal.
   233 | D        | Found a hide-covered altar of Uskayaw.
   233 | D        | Found a blossoming altar of Fedhas.
   233 | D        | Found a bloodstained altar of Trog.
   233 | D        | Found an iron altar of Okawaru.
   233 | D        | Found a basalt altar of Yredelemnul.
   233 | D        | Found a glowing golden altar of the Shining One.
   233 | D        | Found a snail-covered altar of Cheibriados.
   233 | D        | Found a sacrificial altar of Ru.
   233 | D        | Found a glowing silver altar of Zin.
   233 | D        | Found a shadowy altar of Dithmenos.
   233 | D        | Found a white marble altar of Elyvilon.
   233 | D        | Noticed a yak
   234 | D        | Found an opulent altar of Gozag.
   235 | D        | Killed a yak
   236 | D        | Reached skill level 17 in Stealth
   236 | D        | Reached skill level 10 in Hexes
   236 | D        | Found a sparkling altar of Nemelex Xobeh.
   243 | D        | Became a worshipper of Ru the Awakened
   274 | D        | Noticed Sonja
   278 | D        | Killed Sonja
   279 | D        | Reached skill level 19 in Stealth
   279 | D        | Reached XP level 7. HP: 38/38 MP: 12/12
   296 | D        | Found Moaneig's Assorted Antiques.
   467 | D        | Noticed a deep troll
   472 | D        | Mangled by a deep troll

Illustrated notes

Levels and vault maps discovered:
D:        dungeon_sprint_1 [red_sonja_temple_1, red_sonja_temple_small_1]

Skill      XL: |  1  2  3  4  5  6 |
---------------+-------------------+-----
Stealth        | 8 12 15 16 19 | 19.3
Hexes          | 5 7 9 11 | 11.4
Fighting       | 4 |  4.4
Short Blades   | 6 |  6.0
Dodging        | |  2.6
Spellcasting   | |  2.6

Action                   |  1- 3 |  4- 6 |  7- 9 || total
-------------------------+-------+-------+-------++-------
Melee: Dagger            |     5 |     5 |     4 ||    14
 Cast: Ensorcelled Hiber |       |     1 |       ||     1
       Confusing Touch   |       |       |     1 ||     1
  Use: Potion            |     1 |       |       ||     1
 Stab: Sleeping          |     2 |     4 |     1 ||     7
Dodge: Dodged            |     2 |     1 |     3 ||     6
